 Dungeon Crawl Stone Soup version 0.21-a0-633-g4c047d5 (webtiles) character file.

654 shenanigans the Skirmisher (level 7, -1/61 HPs)
             Began as a Barachi Skald on Dec 28, 2017.
             Slain by a sky beast (2 damage)
             ... on level 5 of the Dungeon.
             The game lasted 00:15:13 (6768 turns).

shenanigans the Skirmisher (Barachi Skald)          Turns: 6768, Time: 00:15:13

Health: -1/61      AC:  5    Str: 16    XL:     7   Next: 54%
Magic:  9/9        EV:  6    Int: 15    God:
Gold:   190        SH: 13    Dex: 11    Spells: 9/10 levels left

rFire    + . .     SeeInvis .   s - +1 war axe (chop)
rCold    + . .     Gourm    .   v - +0 large shield
rNeg     . . .     Faith    .   i - +0 ring mail
rPois    +         Spirit   .   (no helmet)
rElec    +         Reflect  +   (no cloak)
rCorr    +         Harm     .   (no gloves)
MR       .....                  (no boots)
Stlth    +.........             w - +2 amulet of reflection
HPRegen  0.20/turn              f - ring of wizardry
MPRegen  0.11/turn              (no ring)

@: mighty, resistant, can't hop, very slightly contaminated, heavily drained,
invisible, slow
A: +LOS, swims, low mp 1, robust 1, slowness 1, weak 1, strong legs 1
a: Hop


You were on level 5 of the Dungeon.
You were not hungry.

You visited 1 branch of the dungeon, and saw 5 of its levels.

You collected 190 gold pieces.

Inventory:

Hand Weapons
 a - a +0 hand axe
 s - a +1 war axe of chopping (weapon)
Missiles
 g - 7 tomahawks (quivered)
Armour
 b - a +0 leather armour
 h - a +0 plate armour
 i - a +0 ring mail (worn)
 v - a +0 large shield (worn)
 A - a +0 chain mail
Jewellery
 f - a ring of wizardry (left hand)
 n - an uncursed amulet of harm
 w - a +2 amulet of reflection (around neck)
Scrolls
 l - a scroll of remove curse
 m - a scroll of fear {unknown}
 o - 3 scrolls of enchant armour {unknown}
 q - a scroll of magic mapping {unknown}
 r - 2 scrolls of teleportation {unknown}
 y - a scroll of amnesia {unknown}
 z - a scroll of enchant weapon {unknown}
Potions
 j - 2 potions of curing
 k - a potion of mutation
 p - 3 potions of flight
Books
 c - a book of Battle

   Spells                             Type                      Level
   a - Infusion                       Charms                       1
   b - Shroud of Golubria             Charms/Translocation         2
   c - Song of Slaying                Charms                       2
   d - Spectral Weapon                Hexes/Charms                 3
   e - Regeneration                   Charms/Necromancy            3
Comestibles
 d - 8 rations


   Skills:
 + Level 5.0(3.3) Fighting
 + Level 4.7(2.9) Axes
 + Level 4.6(2.9) Armour
 + Level 4.5(2.8) Dodging
 * Level 2.2(0.6) Shields
 - Level 2.1(0.5) Spellcasting
 - Level 3.2(1.6) Charms


You had 9 spell levels left.
You knew the following spells:

 Your Spells              Type           Power        Failure   Level  Hunger
a - Infusion              Chrm           #...         89%         1    ##.....


Dungeon Overview and Level Annotations

Branches:
Dungeon (5/15)
 Temple: D:4-7

Altars:
Nemelex Xobeh


Innate Abilities, Weirdness & Mutations

Shadows flee at your approach. (+LOS)
You can swim through water.
You cover ground slowly.
You can hop short distances.
Your magical capacity is low. (-10% MP)
You are robust. (+10% HP)
You are weak. (Str -2)


Message History

Deactivating autopickup; reactivate with Ctrl-A.
It was a potion of mutation.
You feel extremely strange.
You feel less energetic.
You feel weaker.
You feel robust. Something hits you but does no damage.
It was a potion of invisibility.
You fade into invisibility!
Something hits you.
* * * LOW HITPOINT WARNING * * *
Something shocks you. You resist.
* * * LOW HITPOINT WARNING * * *
You are very lightly contaminated with residual magic.
As you read the scroll of identify, it crumbles to dust.
e - a potion of might The ogre shouts!
Something hits you but does no damage.
You feel very mighty all of a sudden. Something hits you.
* * * LOW HITPOINT WARNING * * *
Something shocks you. You resist.
You die...

... ........# ....
##.......## ...O
##.........# .....
##..........#
......#...........#
......#...........#
........<........##
........{........#
#.......@.......##
###.##.........## #
###########


You could see an ogre.

Vanquished Creatures
  A phantom (D:4)
  2 ogres (D:4)
  A howler monkey (D:4)
  2 orc wizards
  3 orc priests
  A worker ant (D:4)
  7 adders
  3 oozes
  2 worms
  2 leopard geckos (D:1)
  13 orcs
  2 ball pythons
  9 bats
  4 giant cockroaches
  12 goblins
  6 hobgoblins
  8 jackals
  9 kobolds
  4 quokkas
  6 frilled lizards
  A giant cockroach zombie (D:4)
  7 rats
105 creatures vanquished.

Vanquished Creatures (others)
  4 toadstools (D:1)
4 creatures vanquished.

Grand Total: 109 creatures vanquished

Notes
Turn   | Place    | Note
-------+----------+-------------------------------------------
     0 | D:1      | shenanigans the Barachi Skald began the quest for the Orb.
     0 | D:1      | Reached XP level 1. HP: 17/17 MP: 3/3
   350 | D:1      | Reached XP level 2. HP: 22/23 MP: 5/5
   833 | D:1      | Reached skill level 3 in Fighting
   833 | D:1      | Reached XP level 3. HP: 20/29 MP: 6/6
  1478 | D:2      | Reached XP level 4. HP: 26/35 MP: 7/7
  2900 | D:2      | Reached XP level 5. HP: 20/42 MP: 8/8
  3521 | D:3      | Reached skill level 4 in Fighting
  3688 | D:3      | Reached XP level 6. HP: 41/48 MP: 5/9
  5008 | D:4      | Noticed a phantom
  5227 | D:4      | Killed a phantom
  5390 | D:4      | Reached skill level 1 in Shields
  5390 | D:4      | Reached XP level 7. HP: 24/55 MP: 10/10
  5731 | D:4      | Found a transporter.
  5746 | D:4      | Noticed a fire bat
  5750 | D:4      | Noticed a fire bat
  5813 | D:4      | Reached skill level 5 in Fighting
  5851 | D:4      | Found a transporter.
  6396 | D:4      | Found a sparkling altar of Nemelex Xobeh.
  6700 | D:5      | Entered Level 5 of the Dungeon
  6765 | D:5      | Gained mutation: Your magical capacity is low. (-10% MP) [potion of mutation]
  6765 | D:5      | Gained mutation: You are weak. (Str -2) [potion of mutation]
  6765 | D:5      | Gained mutation: You are robust. (+10% HP) [potion of mutation]
  6768 | D:5      | HP: 1/61 [something (4)]
  6768 | D:5      | Slain by a sky beast

Vault maps used:
D:1:      ldierk_water_garden, minmay_pentomino_z4
D:2:      minivault_14, hangedman_abyss_or_decor_lesser_grid
D:4:      gammafunk_cloud_chamber, first_ration,
          nemelex_xobeh_ov_fountains_minmay

Skill      XL: |  1  2  3  4  5  6  7 |
---------------+----------------------+-----
Fighting       | 3 4 5 |  5.0
Armour         | 2 3 4 |  4.6
Axes           | 3 4 |  4.7
Dodging        | 3 4 |  4.5
Shields        | 1 2 |  2.2
Spellcasting   | |  2.1
Charms         | |  3.2

Action                   |  1- 3 |  4- 6 |  7- 9 || total
-------------------------+-------+-------+-------++-------
Melee: Hand axe          |   163 |   218 |       ||   381
       War axe           |       |    30 |    49 ||    79
Throw: Tomahawk          |       |     6 |     2 ||     8
 Cast: Infusion          |       |     6 |       ||     6
 Abil: Hop               |       |     4 |     2 ||     6
  Use: Scroll            |     2 |     4 |     2 ||     8
       Potion            |       |     1 |     5 ||     6
  Eat: Chunk             |     2 |     9 |     4 ||    15
       Ration            |       |     1 |     1 ||     2
Armor: Ring mail         |    81 |    89 |    23 ||   193
Dodge: Dodged            |   119 |   146 |    10 ||   275
Block: Large shield      |       |    13 |    27 ||    40

Table legend:
 A = Spawn XP
 B = Non-spawn XP
 C = Spawn XP percentage of total XP
 D = Spawn monster count
 E = Non-spawn monster count
 F = Spawn count percentage of total count
 G = Total turns spent on level
                    A         B        C        D         E        F      G
               +---------+---------+-------+---------+---------+-------+---------
         Total |       0 |     935 |   0.0 |       0 |     105 |   0.0 |  6768
               +---------+---------+-------+---------+---------+-------+---------
           D:1 |       0 |      82 |   0.0 |       0 |      42 |   0.0 |  1937
           D:2 |       0 |     143 |   0.0 |       0 |      25 |   0.0 |  1645
           D:3 |       0 |     195 |   0.0 |       0 |      23 |   0.0 |  1531
           D:4 |       0 |     515 |   0.0 |       0 |      15 |   0.0 |  1603
               +---------+---------+-------+---------+---------+-------+---------
